 Dungeon Crawl Stone Soup version 0.19.1 (webtiles) character file.

63083 Mefis the Eclecticist (level 14, -3/78 HPs)
             Began as a Deep Elf Wizard on Dec 12, 2016.
             Was a Priest of Sif Muna.
             Killed themself with a badly aimed fireball (28 damage)
             ... on level 2 of the Orcish Mines.
             The game lasted 01:58:07 (31210 turns).

Mefis the Eclecticist (Deep Elf Wizard)            Turns: 31210, Time: 01:58:08

Health: -3/78      AC: 14    Str:  7    XL:     14   Next: 66%
Magic:  5/35       EV: 22    Int: 32    God:    Sif Muna [***...]
Gold:   1176       SH:  8    Dex: 13    Spells: 10 memorised, 2 levels left

rFire  . . .     SeeInvis .     a - +10 trident "Voonesi" {elec, MR+}
rCold  . . .     Gourm    .     N - +2 robe {Archmagi}
rNeg   . . .     Faith    +     H - +3 buckler {AC+3}
rPois  .         Spirit   .     b - +0 hat {MR+}
rElec  .         Reflect  .     p - +2 cloak {+Inv}
rCorr  .         Harm     .     J - +0 pair of gloves {Str+3}
MR     +++..                    V - +2 pair of boots {Fly}
Stlth  ++++......               c - amulet of faith
                                R - +3 ring of intelligence
                                q - +4 ring of evasion

@: flying, deflect missiles, divine energy
A: no striking features
a: Stop Divine Energy, Channel Magic, Renounce Religion, Evoke Invisibility,
Stop Flying


You were on level 2 of the Orcish Mines.
You worshipped Sif Muna.
Sif Muna was most pleased with you.
You were hungry.

You visited 4 branches of the dungeon, and saw 22 of its levels.
You also visited: Bailey.

You collected 1780 gold pieces.
You spent 604 gold pieces at shops.

Inventory:

Hand Weapons
 a - the +10 trident "Voonesi" (weapon) {elec, MR+}
   (You found it on level 2 of the Lair of Beasts)

   Occasionally, upon striking a foe, it will discharge some electrical energy
   and cause terrible harm.
   It affects your resistance to hostile enchantments.
Missiles
 w - 13 poisoned tomahawks (quivered)
Armour
 b - a +0 hat of magic resistance (worn)
 p - a +2 cloak of invisibility (worn)
 H - a +3 buckler of protection (worn)
 J - a +0 pair of gloves of strength (worn)
 N - a +2 robe of the Archmagi (worn)
 V - a +2 pair of boots of flying (worn)
Magical Staves
 P - an uncursed staff of air
Jewellery
 c - an amulet of faith (around neck)
 q - a +4 ring of evasion (left hand)
 B - an uncursed ring of see invisible
 M - the ring "Kacon" {rF+ MP+9}
   (You found it on level 3 of the Lair of Beasts)

   [ring of magical power]

   It protects you from fire.
   It affects your magic capacity (+9).
 R - a +3 ring of intelligence (right hand)
Wands
 k - a wand of iceblast (5/15)
 o - a wand of confusion (0/48)
 F - a wand of teleportation (2/9)
 Q - a wand of paralysis (9/24)
 S - a wand of heal wounds (5/9)
 Y - a wand of digging (13/24)
Scrolls
 d - 14 scrolls of teleportation
 f - 6 scrolls of recharging
 g - 2 scrolls of fear
 s - 7 scrolls of remove curse
 u - 3 scrolls of blinking
 y - 3 scrolls of fog
 C - 4 scrolls of magic mapping
 I - 4 scrolls of immolation
Potions
 e - a potion of might
 r - 8 potions of curing
 T - 3 potions of heal wounds
Miscellaneous
 v - a phial of floods (inert)
 Z - a disc of storms
Comestibles
 h - 3 royal jellies
 i - 4 slices of pizza
 m - 51 fruits
 n - 6 meat rations
 L - 21 bread rations


   Skills:
 + Level 5.5 Fighting
 + Level 1.7 Polearms
 + Level 9.8 Dodging
 + Level 10.0 Stealth
 * Level 6.4 Shields
 * Level 15.1 Spellcasting
 + Level 9.0 Conjurations
 - Level 7.7 Hexes
 - Level 3.9 Charms
 + Level 6.8 Summonings
 - Level 5.0 Translocations
 + Level 7.3 Fire Magic
 * Level 3.9 Air Magic
 * Level 5.6 Poison Magic
 + Level 6.6 Invocations
 + Level 7.1 Evocations


You had 2 spell levels left.
You knew the following spells:

 Your Spells              Type           Power        Failure   Level  Hunger
a - Throw Flame           Conj/Fire      ######       1%          2    None
c - Blink                 Tloc           N/A          1%          2    None
d - Poison Arrow          Conj/Pois      #######...   14%         6    ###....
e - Mephitic Cloud        Conj/Pois/Air  #######.     1%          3    None
f - Conjure Ball Lightni  Conj/Air       #######...   21%         6    ###....
g - Slow                  Hex            #######.     1%          2    None
n - Summon Forest         Summ/Tloc      #######...   6%          5    None
p - Deflect Missiles      Chrm/Air       ######....   63%         6    ###....
s - Fireball              Conj/Fire      #######...   1%          5    None
A - Sticky Flame          Conj/Fire      #######.     1%          4    None


Dungeon Overview and Level Annotations

Branches:
Dungeon (13/15)            Temple (1/1) D:6            Lair (6/6) D:10
  Swamp (0/4) Lair:2       Spider (0/4) Lair:2        Slime (0/5) Lair:5
    Orc (2/2) D:11
    Elf: Orc:2       Vaults: D:13-14

Altars:
Ashenzari
Cheibriados
Dithmenos
Elyvilon
Fedhas
Gozag
Hepliaklqana
Kikubaaqudgha
Makhleb
Nemelex Xobeh
Okawaru
Qazlal
Ru
Sif Muna
Trog
Uskayaw
Vehumet
Xom
Yredelemnul
Zin
The Shining One
Lugonu

Shops:
D:10 *[

Annotations:
D:13 Uhlv's ghost, journeyman MiBe


Message History

Attack whom?
Press: ? - help, Dir - move target cursor You reach to attack!
You miss something.
Your orc knight dissolves into shadows!
Something misses your troll.
Attack whom?
Press: ? - help, Dir - move target cursor You could not reach far enough!
Your troll dissolves into shadows!
Casting: Blink
Confirm with . or Enter, or press ? or * to list all spells.
Aiming: Fireball
Press: ? - help, Shift-Dir - straight line, f - orc
Aim: an orc, wielding a club You feel a surge of power!
The fireball explodes!
The fireball engulfs something.
Sif Muna accepts your kill.
Reactivating autopickup.
You feel a bit more experienced. The fireball engulfs you!
You die...

###.#... ##......#
#.......###
##.$.......###
...........#.##
..............#
.........)....#
.......@)o...## #
.$....##.#.(..#.##
...## ####.(....# .
###..oo..###
#...)o....#
......oo..o#...###
.......Oo.###.##.####
....o......##.#.....#
....$o.o..##........##


You could see an orc.

Vanquished Creatures
  Gastronok (Lair:1)
  Josephine (Lair:4)
  7 hydras
  4 catoblepae (Lair:6)
  A centaur warrior (D:13)
  12 death yaks
  Nergalle (D:11)
  3 hill giants
  A deep elf mage (D:13)
  6 oklob plants
  2 orc knights (Bailey)
  2 ugly things
  An orc sorcerer (Orc:1)
  A cyclops (Orc:1)
  3 elephants (Lair:4)
  5 black mambas
  10 spiny frogs
  A gargoyle (D:12)
  A rime drake (Lair:2)
  8 komodo dragons
  A polar bear (Lair:6)
  4 trolls
  The ghost of empire the Sneak, a novice VSAs (D:5)
  6 dream sheep (Lair:5)
  16 blink frogs
  8 hippogriffs
  Sigmund (D:3)
  39 yaks
  A tarantella (Lair:2)
  4 wyverns
  6 wraiths
  5 basilisks
  A hungry ghost (D:4)
  2 steam dragons
  Edmund (D:6)
  Duvessa (D:6)
  12 water moccasins
  16 orc warriors
  3 porcupines
  A sky beast (D:6)
  2 ice beasts (D:9)
  4 phantoms
  A meliai simulacrum (D:12)
  4 black bears
  8 ogres
  14 wolves
  8 centaurs
  11 crocodiles
  2 big kobolds
  13 bullfrogs
  7 scorpions
  Dowan (D:6)
  13 killer bees
  7 wights
  2 howler monkeys
  An electric eel (Lair:2)
  4 crimson imps
  2 centaur zombies
  A quasit (D:12)
  2 bullfrog zombies (D:9)
  5 bullfrog skeletons
  12 hounds
  6 orc priests
  19 orc wizards
  5 jellies
  5 centaur skeletons
  6 iguanas
  14 worker ants
  14 hell rats
  A statue (D:5)
  A hound zombie (D:7)
  A hound skeleton (D:6)
  A spectral worker ant (D:10)
  A worker ant zombie (D:9)
  10 gnolls
  10 river rats (Lair:2)
  10 adders
  5 shadow imps
  An adder skeleton (D:9)
  4 worms (D:2)
  4 dart slugs
  11 leopard geckos
  90 orcs
  3 ball pythons
  4 giant cockroaches
  5 goblins
  7 hobgoblins
  15 jackals
  4 quokkas
  7 bats
  6 frilled lizards
  6 kobolds
  A leopard gecko skeleton (D:5)
  25 rats
  4 plants (D:10)
630 creatures vanquished.

Vanquished Creatures (collateral kills)
  Rupert (Lair:5)
  A hydra (Lair:5)
  A yak (Lair:6)
  The ghost of esteth the Ruffian, an amateur DrTm (D:3)
  2 orc priests (Orc:2)
  An iguana (D:8)
  A worker ant (D:8)
  2 orcs (Orc:2)
10 creatures vanquished.

Vanquished Creatures (others)
  8 ball lightnings (Orc:2)
  10 fungi
  14 plants
32 creatures vanquished.

Grand Total: 672 creatures vanquished

Notes
Turn   | Place    | Note
-------+----------+-------------------------------------------
     0 | D:1      | Mefis the Deep Elf Wizard began the quest for the Orb.
     0 | D:1      | Reached XP level 1. HP: 10/10 MP: 7/7
   268 | D:1      | Reached XP level 2. HP: 15/15 MP: 5/9
   313 | D:1      | Learned a level 2 spell: Call Imp
   322 | D:1      | Learned a level 2 spell: Blink
   325 | D:1      | Learned a level 2 spell: Repel Missiles
   454 | D:1      | Reached skill level 5 in Spellcasting
  1239 | D:2      | Reached XP level 3. HP: 19/19 MP: 1/11
  1244 | D:2      | Learned a level 3 spell: Mephitic Cloud
  1832 | D:2      | Reached XP level 4. HP: 24/24 MP: 2/13
  2035 | D:3      | Noticed a bullfrog
  2288 | D:3      | Noticed esteth's ghost (amateur DrTm)
  2337 | D:2      | Learned a level 3 spell: Conjure Flame
  2462 | D:3      | Killed a bullfrog
  2462 | D:3      | Reached skill level 1 in Air Magic
  2462 | D:3      | Reached XP level 5. HP: 13/28 MP: 5/15
  2718 | D:3      | Reached skill level 6 in Spellcasting
  2718 | D:3      | Reached skill level 1 in Poison Magic
  2723 | D:3      | Learned a level 2 spell: Slow
  2882 | D:3      | Found a shadowy altar of Dithmenos.
  2882 | D:3      | Found a burning altar of Makhleb.
  3221 | D:3      | Found a basalt altar of Yredelemnul.
  3444 | D:3      | Killed esteth's ghost
  3444 | D:3      | Reached XP level 6. HP: 10/32 MP: 0/17
  3675 | D:3      | Found a shattered altar of Ashenzari.
  3693 | D:3      | Reached skill level 1 in Hexes
  3715 | D:3      | Noticed Sigmund
  3951 | D:3      | Killed Sigmund
  4023 | D:3      | Reached XP level 7. HP: 36/36 MP: 16/19
  4341 | D:4      | Found a glowing golden altar of the Shining One.
  4538 | D:4      | Reached skill level 7 in Spellcasting
  4626 | D:4      | Found a hazy altar of Hepliaklqana.
  4694 | D:4      | Found a blossoming altar of Fedhas.
  4729 | D:4      | Found a snail-covered altar of Cheibriados.
  4748 | D:4      | Found a stormy altar of Qazlal.
  4857 | D:4      | Found an opulent altar of Gozag.
  4865 | D:4      | Found an iron altar of Okawaru.
  5072 | D:4      | Noticed a hungry ghost
  5074 | D:4      | Found a sparkling altar of Nemelex Xobeh.
  5088 | D:4      | Killed a hungry ghost
  5555 | D:5      | Entered Level 5 of the Dungeon
  5818 | D:5      | Reached XP level 8. HP: 14/41 MP: 12/21
  6221 | D:5      | Found a radiant altar of Vehumet.
  6245 | D:5      | Reached skill level 5 in Dodging
  6252 | D:5      | Reached skill level 8 in Spellcasting
  6485 | D:5      | Noticed empire's ghost (novice VSAs)
  6528 | D:5      | Killed empire's ghost
  6528 | D:5      | Reached skill level 5 in Stealth
  7122 | D:6      | Reached skill level 9 in Spellcasting
  7269 | D:6      | Found Zin's Purification Station.
  7271 | D:6      | Noticed Edmund
  7295 | D:6      | Reached skill level 5 in Conjurations
  7339 | D:6      | Found a glowing silver altar of Zin.
  7342 | D:6      | Bought a potion of curing for 90 gold pieces
  7368 | D:6      | Killed Edmund
  7368 | D:6      | Reached XP level 9. HP: 45/45 MP: 16/24
  7480 | D:6      | Reached skill level 5 in Hexes
  7641 | D:6      | Noticed Dowan
  7656 | D:6      | Killed Dowan
  7676 | D:6      | Noticed Duvessa
  7687 | D:6      | Killed Duvessa
  7773 | D:6      | Found a sacrificial altar of Ru.
  7792 | D:6      | Reached skill level 1 in Fighting
  7898 | D:6      | Found a staircase to the Ecumenical Temple.
  7911 | Temple   | Entered the Ecumenical Temple
  7933 | Temple   | Became a worshipper of Sif Muna the Loreminder
  8425 | D:7      | Reached skill level 10 in Spellcasting
  8858 | D:7      | You fall through a shaft for 2 floors!
  9188 | D:9      | Reached skill level 1 in Invocations
  9188 | D:9      | Reached skill level 1 in Evocations
  9283 | D:9      | Reached * piety under Sif Muna
  9614 | D:8      | Reached XP level 10. HP: 52/52 MP: 11/26
 11012 | D:9      | Reached skill level 11 in Spellcasting
 11633 | D:9      | Found a white marble altar of Elyvilon.
 12646 | D:9      | Reached ** piety under Sif Muna
 13468 | D:10     | Entered Level 10 of the Dungeon
 13645 | D:10     | Found Myneq's Assorted Antiques.
 13691 | D:10     | Bought a runed cloak for 231 gold pieces
 14748 | D:10     | Found Ybull's Antique Armour Shoppe.
 14944 | D:10     | Reached XP level 11. HP: 59/59 MP: 11/28
 15007 | D:10     | Bought a pair of embroidered gloves for 283 gold pieces
 15229 | D:10     | Noticed an oklob plant
 15403 | D:10     | Found a staircase to the Lair.
 16696 | D:10     | Noticed a hill giant
 16733 | D:10     | Killed a hill giant
 16733 | D:10     | Reached skill level 1 in Shields
 16733 | D:10     | Reached skill level 12 in Spellcasting
 16961 | D:11     | Noticed Nergalle
 16966 | D:11     | Noticed a white ugly thing
 17012 | D:11     | Learned a level 2 spell: Throw Flame
 17019 | D:11     | Killed a white ugly thing
 17019 | D:11     | Reached skill level 1 in Charms
 17025 | D:11     | Learned a level 3 spell: Inner Flame
 17030 | D:11     | Learned a level 4 spell: Sticky Flame
 17036 | D:11     | Learned a level 5 spell: Fireball
 17131 | D:11     | Killed Nergalle
 17262 | D:11     | Reached skill level 1 in Fire Magic
 17495 | D:11     | Reached *** piety under Sif Muna
 17573 | D:11     | Found a staircase to the Orcish Mines.
 18026 | D:12     | Found a flagged portal.
 18033 | Bailey   | Entered a bailey
 18246 | Bailey   | Noticed an orc knight
 18247 | Bailey   | Noticed an orc knight
 18255 | Bailey   | Killed an orc knight
 18259 | Bailey   | Killed an orc knight
 18451 | D:12     | Noticed a hill giant
 18465 | D:12     | Killed a hill giant
 18678 | D:12     | Noticed a hill giant
 18683 | D:12     | Killed a hill giant
 19009 | D:12     | Found a shimmering altar of Xom.
 19019 | D:12     | Noticed a cyan ugly thing
 19033 | D:12     | Killed a cyan ugly thing
 19033 | D:12     | Reached XP level 12. HP: 66/66 MP: 24/30
 19333 | D:12     | Noticed an eight-headed hydra
 19345 | D:12     | Killed an eight-headed hydra
 19485 | D:12     | Reached **** piety under Sif Muna
 20165 | D:13     | Noticed a centaur warrior
 20184 | D:13     | Killed a centaur warrior
 20184 | D:13     | Reached skill level 13 in Spellcasting
 20438 | D:13     | Noticed Uhlv's ghost (journeyman MiBe)
 21072 | D:10     | Reached skill level 5 in Invocations
 21084 | Lair:1   | Entered Level 1 of the Lair of Beasts
 21209 | Lair:1   | Noticed Gastronok
 21353 | Lair:1   | Killed Gastronok
 21353 | Lair:1   | Reached skill level 5 in Summonings
 21353 | Lair:1   | Reached skill level 5 in Evocations
 21668 | Lair:1   | Noticed a four-headed hydra
 21675 | Lair:1   | Killed a four-headed hydra
 22202 | Lair:1   | Reached skill level 5 in Fire Magic
 22312 | Lair:2   | Found a hole to the Spider Nest.
 22625 | Lair:2   | Reached XP level 13. HP: 72/72 MP: 22/32
 22646 | Lair:2   | Learned a level 5 spell: Summon Forest
 22824 | Lair:2   | Got a crude trident
 22825 | Lair:2   | Identified the +10 trident "Voonesi" {elec, MR+} (You found it on level 2 of the Lair of Beasts)
 22838 | Lair:2   | Found a staircase to the Swamp.
 23732 | Lair:3   | Reached ***** piety under Sif Muna
 23734 | Lair:3   | Got a slimy iron ring
 23736 | Lair:3   | Identified the ring "Kacon" {rF+ MP+9} (You found it on level 3 of the Lair of Beasts)
 24025 | Lair:3   | Reached skill level 5 in Translocations
 24036 | Lair:3   | Learned a level 5 spell: Aura of Abjuration
 24563 | Lair:3   | Identified Duthycwa's Catalogue of Harmful Enchantment (Sif Muna gifted it to you on level 3 of the Lair of Beasts)
 24563 | Lair:3   | Received a gift from Sif Muna
 25683 | Lair:4   | Noticed Josephine
 25698 | Lair:4   | Killed Josephine
 26175 | Lair:4   | Reached skill level 5 in Shields
 26473 | Lair:5   | Reached skill level 14 in Spellcasting
 26695 | Lair:5   | Found a staircase to the Slime Pits.
 26984 | Lair:5   | Reached skill level 5 in Fighting
 27272 | Lair:5   | Noticed Rupert
 27283 | Lair:5   | Killed Rupert
 27288 | Lair:5   | Found a sacrificial altar of Ru.
 27928 | Lair:6   | Entered Level 6 of the Lair of Beasts
 28156 | Lair:6   | Reached XP level 14. HP: 72/78 MP: 6/34
 28311 | Lair:6   | Reached skill level 5 in Poison Magic
 29407 | Lair:6   | Identified Sif Muna's Catalogue of Noxious Dislocation (Sif Muna gifted it to you on level 6 of the Lair of Beasts)
 29407 | Lair:6   | Received a gift from Sif Muna
 29460 | Lair:6   | Reached skill level 1 in Polearms
 29852 | Lair:6   | Reached skill level 10 in Stealth
 29910 | Lair:6   | Reached skill level 15 in Spellcasting
 30761 | Lair:1   | Learned a level 6 spell: Conjure Ball Lightning
 30771 | Lair:1   | Learned a level 6 spell: Deflect Missiles
 30817 | Lair:1   | Learned a level 6 spell: Poison Arrow
 30899 | Orc:1    | Entered Level 1 of the Orcish Mines
 31101 | Orc:2    | Entered Level 2 of the Orcish Mines
 31158 | Orc:2    | Noticed a stone giant
 31210 | Orc:2    | Killed themself with a badly aimed fireball

Skill      XL: |  1  2  3  4  5  6  7  8  9 10 11 12 13 14 |
---------------+-------------------------------------------+-----
Spellcasting   | 5 6 7 9 10 11 12 13 14 15 | 15.1
Dodging        | 3 4 5 6 7 8 9 |  9.8
Conjurations   | 2 3 4 5 6 7 8 9 |  9.0
Stealth        | 3 4 5 6 7 8 9 10 | 10.0
Air Magic      | 1 2 3 |  3.9
Poison Magic   | 1 2 3 4 5 |  5.6
Hexes          | 1 3 4 5 7 |  7.7
Fighting       | 1 2 3 4 5 |  5.5
Summonings     | 2 4 5 6 |  6.8
Translocations | 2 3 4 5 |  5.0
Invocations    | 1 3 4 5 6 |  6.6
Evocations     | 1 3 4 5 6 7 |  7.1
Shields        | 3 4 5 6 |  6.4
Charms         | 3 |  3.9
Fire Magic     | 3 5 6 7 |  7.3
Polearms       | 1 |  1.7

Action                   |  1- 3 |  4- 6 |  7- 9 | 10-12 | 13-15 || total
-------------------------+-------+-------+-------+-------+-------++-------
Melee: Unarmed           |     8 |       |       |       |       ||     8
       Short sword       |       |    21 |     4 |       |       ||    25
       Hunting sling     |       |       |     1 |       |       ||     1
       Spear             |       |       |     2 |   188 |       ||   190
       Trident           |       |       |       |       |   174 ||   174
 Fire: Hunting sling     |       |       |   114 |    20 |       ||   134
Throw: Tomahawk          |       |     1 |     2 |       |       ||     3
 Cast: Magic Dart        |   116 |    94 |   401 |   828 |    32 ||  1471
       Repel Missiles    |     1 |     1 |     1 |     3 |       ||     6
       Mephitic Cloud    |       |     9 |    25 |    35 |     1 ||    70
       Call Imp          |       |     6 |     1 |    11 |       ||    18
       Blink             |       |     2 |     9 |    17 |    14 ||    42
       Conjure Flame     |       |     2 |    24 |    22 |     2 ||    50
       Throw Flame       |       |       |       |   257 |   299 ||   556
       Sticky Flame      |       |       |       |    37 |    78 ||   115
       Fireball          |       |       |       |    23 |    50 ||    73
       Slow              |       |       |       |    12 |     5 ||    17
       Summon Forest     |       |       |       |       |     2 ||     2
       Inner Flame       |       |       |       |       |     1 ||     1
       Conjure Ball Ligh |       |       |       |       |     5 ||     5
       Poison Arrow      |       |       |       |       |     3 ||     3
       Deflect Missiles  |       |       |       |       |     1 ||     1
Invok: Channel Magic     |       |       |       |     1 |       ||     1
       Forget Spell      |       |       |       |       |     3 ||     3
       Divine Energy     |       |       |       |       |     2 ||     2
       Stop Divine Energ |       |       |       |       |     1 ||     1
Evoke: Wand              |       |       |     5 |     7 |     6 ||    18
       Disc of storms    |       |       |       |     3 |    13 ||    16
       Phial of floods   |       |       |       |       |     1 ||     1
  Use: Scroll            |       |       |     8 |    17 |     8 ||    33
       Potion            |       |       |       |       |     3 ||     3
 Stab: Confused          |       |     1 |       |     3 |       ||     4
       Distracted        |       |     1 |       |       |       ||     1
       Sleeping          |       |       |       |     4 |     1 ||     5
       Petrified         |       |       |       |       |     3 ||     3
  Eat: Chunk             |     2 |     4 |    10 |    23 |    17 ||    56
       Bread ration      |       |     1 |     2 |     1 |       ||     4
       Meat ration       |       |       |       |     2 |     2 ||     4
Armor: Robe              |     4 |     7 |    15 |    99 |    39 ||   164
Dodge: Dodged            |    23 |    33 |    95 |   422 |   195 ||   768
       Deflected         |     1 |     1 |     4 |     9 |     3 ||    18
Block: Buckler           |       |       |       |    85 |   111 ||   196
